 Dungeon Crawl Stone Soup version 0.30-a0-738-g116ff8c4af (webtiles) character file.

Game seed: 11504279366309641004

7700 mopl the Skirmisher (level 11, 0/86 HPs)
             Began as a Gnoll Hunter on Feb 3, 2023.
             Was an Initiate of Gozag.
             Slain by a two-headed ogre
             ... wielding a +0 giant club
              (2 damage)
             ... on level 8 of the Dungeon.
             The game lasted 00:11:55 (7208 turns).

mopl the Skirmisher (Gnoll Hunter)                  Turns: 7208, Time: 00:11:56

Health: 0/86       AC: 19    Str: 17    XL:     11   Next: 19%
Magic:  20/20      EV: 10    Int:  9    God:    Gozag
Gold:   1045       SH:  0    Dex: 15    Spells: 22/22 levels left

rFire   . . .      SeeInvis .    a - +0 arbalest
rCold   . . .      Faith    .    (shield currently unavailable)
rNeg    . . .      Spirit   .    X - +5 chain mail of Xom's Favour {Str+2}
rPois   .          Reflect  .    u - +0 helmet
rElec   .          Harm     .    J - +0 cloak
rCorr   .          Rampage  .    i - +0 pair of gloves
Will    .....                    (no boots) Stlth
                                 o - amulet of regeneration
HPRegen 1.14/turn                (no ring)
MPRegen 0.17/turn                (no ring)

@: no status effects
A: fangs 1, strong nose, distributed training
a: Renounce Religion, Potion Petition, Call Merchant, Bribe Branch


You were on level 8 of the Dungeon.
You worshipped Gozag.
Gozag was most pleased with you.
You visited 1 branch of the dungeon, and saw 9 of its levels.

You collected 1424 gold pieces.
You paid 379 gold pieces to Gozag.

Inventory:

Hand Weapons
 a - a +0 arbalest (weapon)
 b - the +7 staff of the Meek {protect, meekguard}
   (You found it on level 4 of the Dungeon)
 e - a +2 dagger of speed
 F - a +4 short sword
 O - a +0 shortbow
 Q - a +0 broad axe
 S - a +2 dagger of venom
Missiles
 y - a boomerang
 V - 9 poisoned darts
 W - a curare-tipped dart
Armour
 i - a +0 pair of gloves (worn)
 u - a +0 helmet (worn)
 J - a +0 cloak (worn)
 X - the +5 chain mail of Xom's Favour (worn) {Str+2}
   (You found it on level 9 of the Dungeon)

   Str:       It affects your strength (+2).
Jewellery
 o - an amulet of regeneration (around neck)
 E - an amulet of the acrobat
Wands
 t - a wand of flame (38)
 x - a wand of roots (20)
 A - a wand of paralysis (10)
Scrolls
 d - a scroll of acquirement {unknown}
 f - 2 scrolls of immolation
 g - 4 scrolls of teleportation {unknown}
 h - 3 scrolls of amnesia {unknown}
 m - 2 scrolls of poison {unknown}
 q - 2 scrolls of noise {unknown}
 r - 2 scrolls of vulnerability {unknown}
 s - 3 scrolls of blinking {unknown}
 v - a scroll of enchant armour {unknown}
 z - a scroll of brand weapon {unknown}
 C - a scroll of butterflies {unknown}
 G - a scroll of fog {unknown}
 H - a scroll of magic mapping {unknown}
 I - 2 scrolls of fear {unknown}
 K - 2 scrolls of silence {unknown}
Potions
 c - a potion of haste {unknown}
 j - 2 potions of heal wounds
 k - a potion of brilliance
 l - 3 potions of degeneration {unknown}
 p - a potion of mutation {!q}
 w - a potion of flight
 B - a potion of magic
 L - a potion of cancellation
 M - 2 potions of attraction {unknown}
 N - 2 potions of curing {unknown}
 P - 2 potions of might {unknown}
 R - a potion of resistance {unknown}
 U - a potion of lignification {unknown}


   Skills:
 + Level 7.9 Fighting
 + Level 6.3 Short Blades
 + Level 6.3 Long Blades
 + Level 6.3 Axes
 + Level 6.3 Maces & Flails
 + Level 6.3 Polearms
 + Level 6.3 Staves
 + Level 10.6 Ranged Weapons
 + Level 6.3 Throwing
 + Level 6.3 Armour
 + Level 7.9 Dodging
 + Level 6.7 Stealth
 + Level 6.3 Shields
 + Level 6.3 Unarmed Combat
 + Level 6.3 Spellcasting
 + Level 5.2 Conjurations
 + Level 5.2 Hexes
 + Level 5.2 Summonings
 + Level 5.2 Necromancy
 + Level 5.2 Translocations
 + Level 5.2 Transmutations
 + Level 5.2 Fire Magic
 + Level 5.2 Ice Magic
 + Level 5.2 Air Magic
 + Level 5.2 Earth Magic
 + Level 5.2 Poison Magic
 + Level 6.9 Invocations
 + Level 6.3 Evocations


You had 22 spell levels left.
You didn't know any spells.
Your spell library contained the following spells:

 Spells                   Type           Power      Damage    Failure   Level
 Magic Dart               Conj           48%        1d5       30%         1
 Call Imp                 Summ           12%        N/A       43%         2
 Searing Ray              Conj           24%        2d5       43%         2
 Sublimation of Blood     Necr           12%        N/A       43%         2
 Hailstorm                Conj/Ice       12%        3d5       67%         3
 Mephitic Cloud           Conj/Pois/Air  12%        N/A       67%         3
 Stone Arrow              Conj/Erth      24%        3d8       67%         3
 Animate Armour           Summ/Erth      24%        N/A       97%         4
 Fulminant Prism          Conj/Hex       6%         3d6       97%         4
 Ice Form                 Ice/Tmut       12%        N/A       97%         4
 Petrify                  Tmut/Erth      12%        N/A       97%         4
 Irradiate                Conj/Tmut      6%         3d13      100%        5
 Metabolic Englaciation   Hex/Ice        6%         N/A       100%        5
 Statue Form              Tmut/Erth      8%         N/A       100%        6
 Lehudib's Crystal Spear  Conj/Erth      6%         10d3      100%        8
 Simulacrum               Ice/Necr       Unusable   N/A       N/A         6

Dungeon Overview and Level Annotations

Branches:
Dungeon (9/15)             Temple (0/1) D:7            Lair (0/5) D:8
    Orc: D:9-12

Altars:
Cheibriados
Gozag
Okawaru
Ru
Xom
Yredelemnul

Shops:
D:4 *   D:7 =

Annotations:
D:3 1 runed translucent door, Crazy Yiuf
D:8 1 runed translucent door, PaleRider's ghost, novice TrFi


Innate Abilities, Weirdness & Mutations

You have very sharp teeth.
Your uncanny sense of smell can sniff out nearby items.
Your experience applies equally to all skills.


Message History

The two-headed ogre barely misses you. The two-headed ogre closely misses you.
Unknown command.
Fire: a) +0 arbalest
Press: ? - help, Q - select action, (/) - cycle Shift-Dir - straight line, f/p - two-headed ogre
Aim: a two-headed ogre, wielding a +0 giant club and a +0 giant spiked club (severely wounded, 77% to hit)
You shoot a bolt. The bolt hits the two-headed ogre.
The two-headed ogre is almost dead.
The two-headed ogre barely misses you. The two-headed ogre closely misses you.
Unknown command.
Fire: a) +0 arbalest
Press: ? - help, Q - select action, (/) - cycle Shift-Dir - straight line, f/p - two-headed ogre
Aim: a two-headed ogre, wielding a +0 giant club and a +0 giant spiked club (almost dead, 77% to hit)
You shoot a bolt. The bolt hits the two-headed ogre.
The two-headed ogre is almost dead.
The two-headed ogre hits you with a +0 giant club.
* * * LOW HITPOINT WARNING * * *
The two-headed ogre hits you with a +0 giant spiked club!
* * * LOW HITPOINT WARNING * * *
Unknown command.
Fire: a) +0 arbalest
Press: ? - help, Q - select action, (/) - cycle Shift-Dir - straight line, f/p - two-headed ogre
Aim: a two-headed ogre, wielding a +0 giant club and a +0 giant spiked club (almost dead, 77% to hit)
You shoot a bolt.
The bolt barely misses the two-headed ogre.
The two-headed ogre hits you but does no damage.
The two-headed ogre misses you.
Unknown command.
Fire: a) +0 arbalest
Press: ? - help, Q - select action, (/) - cycle Shift-Dir - straight line, f/p - two-headed ogre
Aim: a two-headed ogre, wielding a +0 giant club and a +0 giant spiked club (almost dead, 77% to hit)
You shoot a bolt.
The bolt closely misses the two-headed ogre.
The two-headed ogre closely misses you.
The two-headed ogre hits you with a +0 giant spiked club!
* * * LOW HITPOINT WARNING * * *
The two-headed ogre hits you with a +0 giant club.
* * * LOW HITPOINT WARNING * * *
The two-headed ogre hits you with a +0 giant spiked club.
You die...
Your body crumbles into a pile of gold.

##........##.........[(..#...#
###.######.##...##.##.#.#.#.#.#
.........#......##........#.#.#
..###..#.#......######.####.#.#
..+.##...##.#.............).#.#
..#.###..#..#..##........####.#
..#.# #..#..#...+........'....#
..#.# #.....#..##........######
..#.####.####..O@.......##
................#########
................#......<#
........##.>##..#.#######
........###.##..#.....#
........# #.##..#####.#
........# #.#...# #.#####
######### #.#..######.....###
#.#...............#


You could see a two-headed ogre.

Vanquished Creatures
  3 two-headed ogres (D:9)
  A gargoyle (D:9)
  A hornet (D:9)
  A slime creature (D:7)
  3 yaks (D:9)
  Sigmund (D:3)
  A shadow (D:7)
  4 wyverns (D:8)
  A basilisk (D:8)
  2 steam dragons (D:7)
  2 acid dragons
  2 water moccasins
  3 sky beasts
  A swamp drake (D:8)
  2 ice beasts
  3 orc warriors
  A black bear (D:7)
  2 centaurs (D:8)
  A phantom (D:6)
  2 kobold brigands (D:9)
  A bullfrog (D:9)
  A scorpion (D:5)
  3 necrophages
  A wight (D:7)
  15 killer bees
  A howler monkey (D:7)
  2 jellies (D:7)
  5 hounds
  8 orc priests
  Terence (D:3)
  2 iguanas (D:6)
  3 orc wizards
  Robin (D:3)
  5 adders
  3 gnolls (D:4)
  A worm (D:3)
  2 dart slugs
  34 orcs
  7 ball pythons
  6 endoplasms
  4 giant cockroaches
  7 hobgoblins
  3 jackals (D:1)
  3 quokkas
  6 bats
  9 frilled lizards
  18 goblins
  12 kobolds
  7 rats
208 creatures vanquished.

Vanquished Creatures (others)
  An orc wizard (D:7)
  9 plants
10 creatures vanquished.

Grand Total: 218 creatures vanquished

Notes
Turn   | Place    | Note
-------+----------+-------------------------------------------
     0 | D:1      | mopl the Gnoll Hunter began the quest for the Orb.
     0 | D:1      | Reached XP level 1. HP: 20/20 MP: 1/1
   145 | D:1      | Reached XP level 2. HP: 26/26 MP: 2/2
   336 | D:1      | Found a faded altar of an unknown god.
   396 | D:1      | Reached XP level 3. HP: 31/31 MP: 3/3
   866 | D:2      | Reached skill level 1 in Invocations
  1046 | D:2      | Reached skill level 1 in Short Blades
  1046 | D:2      | Reached skill level 1 in Long Blades
  1046 | D:2      | Reached skill level 1 in Axes
  1046 | D:2      | Reached skill level 1 in Maces & Flails
  1046 | D:2      | Reached skill level 1 in Polearms
  1046 | D:2      | Reached skill level 1 in Staves
  1046 | D:2      | Reached skill level 1 in Throwing
  1046 | D:2      | Reached skill level 1 in Armour
  1046 | D:2      | Reached skill level 1 in Shields
  1046 | D:2      | Reached skill level 1 in Unarmed Combat
  1046 | D:2      | Reached skill level 1 in Spellcasting
  1046 | D:2      | Reached skill level 1 in Evocations
  1347 | D:3      | Reached XP level 4. HP: 34/38 MP: 5/5
  1391 | D:3      | Noticed Robin
  1437 | D:3      | Reached skill level 1 in Conjurations
  1437 | D:3      | Reached skill level 1 in Hexes
  1437 | D:3      | Reached skill level 1 in Summonings
  1437 | D:3      | Reached skill level 1 in Necromancy
  1437 | D:3      | Reached skill level 1 in Translocations
  1437 | D:3      | Reached skill level 1 in Transmutations
  1437 | D:3      | Reached skill level 1 in Fire Magic
  1437 | D:3      | Reached skill level 1 in Ice Magic
  1437 | D:3      | Reached skill level 1 in Air Magic
  1437 | D:3      | Reached skill level 1 in Earth Magic
  1437 | D:3      | Reached skill level 1 in Poison Magic
  1450 | D:3      | Killed Robin
  1535 | D:3      | Found a runed translucent door.
  1536 | D:3      | Noticed Crazy Yiuf
  1580 | D:3      | Noticed Terence
  1583 | D:3      | Killed Terence
  1584 | D:3      | Reached XP level 5. HP: 43/43 MP: 5/7
  1586 | D:3      | Noticed Sigmund
  1595 | D:3      | Killed Sigmund
  1596 | D:3      | Reached skill level 5 in Fighting
  1596 | D:3      | Reached skill level 2 in Short Blades
  1596 | D:3      | Reached skill level 2 in Long Blades
  1596 | D:3      | Reached skill level 2 in Axes
  1596 | D:3      | Reached skill level 2 in Maces & Flails
  1596 | D:3      | Reached skill level 2 in Polearms
  1596 | D:3      | Reached skill level 2 in Staves
  1596 | D:3      | Reached skill level 2 in Throwing
  1596 | D:3      | Reached skill level 2 in Armour
  1596 | D:3      | Reached skill level 5 in Dodging
  1596 | D:3      | Reached skill level 3 in Stealth
  1596 | D:3      | Reached skill level 2 in Shields
  1596 | D:3      | Reached skill level 2 in Unarmed Combat
  1596 | D:3      | Reached skill level 2 in Spellcasting
  1596 | D:3      | Reached skill level 2 in Invocations
  1596 | D:3      | Reached skill level 2 in Evocations
  1596 | D:3      | Reached XP level 6. HP: 46/51 MP: 6/9
  2188 | D:4      | Found Gozag's Platinum Reserve.
  2188 | D:4      | Found an opulent altar of Gozag.
  2472 | D:4      | Became a worshipper of Gozag Ym Sagoz the Greedy
  2611 | D:4      | Found the +7 staff of the Meek {protect, meekguard}
  3067 | D:5      | Entered Level 5 of the Dungeon
  3083 | D:5      | Reached XP level 7. HP: 56/56 MP: 10/10
  3097 | D:5      | Reached skill level 2 in Conjurations
  3097 | D:5      | Reached skill level 2 in Hexes
  3097 | D:5      | Reached skill level 2 in Summonings
  3097 | D:5      | Reached skill level 2 in Necromancy
  3097 | D:5      | Reached skill level 2 in Translocations
  3097 | D:5      | Reached skill level 2 in Transmutations
  3097 | D:5      | Reached skill level 2 in Fire Magic
  3097 | D:5      | Reached skill level 2 in Ice Magic
  3097 | D:5      | Reached skill level 2 in Air Magic
  3097 | D:5      | Reached skill level 2 in Earth Magic
  3097 | D:5      | Reached skill level 2 in Poison Magic
  3286 | D:5      | Reached skill level 9 in Ranged Weapons
  3286 | D:5      | Reached skill level 3 in Invocations
  3865 | D:6      | Reached skill level 3 in Short Blades
  3865 | D:6      | Reached skill level 3 in Long Blades
  3865 | D:6      | Reached skill level 3 in Axes
  3865 | D:6      | Reached skill level 3 in Maces & Flails
  3865 | D:6      | Reached skill level 3 in Polearms
  3865 | D:6      | Reached skill level 3 in Staves
  3865 | D:6      | Reached skill level 3 in Throwing
  3865 | D:6      | Reached skill level 3 in Armour
  3865 | D:6      | Reached skill level 3 in Shields
  3865 | D:6      | Reached skill level 3 in Unarmed Combat
  3865 | D:6      | Reached skill level 3 in Spellcasting
  3865 | D:6      | Reached skill level 3 in Evocations
  3865 | D:6      | Reached XP level 8. HP: 18/63 MP: 12/12
  4105 | D:6      | Reached skill level 4 in Stealth
  4747 | D:7      | Reached skill level 3 in Conjurations
  4747 | D:7      | Reached skill level 3 in Hexes
  4747 | D:7      | Reached skill level 3 in Summonings
  4747 | D:7      | Reached skill level 3 in Necromancy
  4747 | D:7      | Reached skill level 3 in Translocations
  4747 | D:7      | Reached skill level 3 in Transmutations
  4747 | D:7      | Reached skill level 3 in Fire Magic
  4747 | D:7      | Reached skill level 3 in Ice Magic
  4747 | D:7      | Reached skill level 3 in Air Magic
  4747 | D:7      | Reached skill level 3 in Earth Magic
  4747 | D:7      | Reached skill level 3 in Poison Magic
  4747 | D:7      | Reached skill level 4 in Invocations
  4800 | D:7      | Reached skill level 6 in Fighting
  4800 | D:7      | Reached skill level 6 in Dodging
  4946 | D:7      | Noticed a shadow
  4959 | D:7      | Reached XP level 9. HP: 66/69 MP: 14/14
  4979 | D:7      | Reached skill level 4 in Short Blades
  4979 | D:7      | Reached skill level 4 in Long Blades
  4979 | D:7      | Reached skill level 4 in Axes
  4979 | D:7      | Reached skill level 4 in Maces & Flails
  4979 | D:7      | Reached skill level 4 in Polearms
  4979 | D:7      | Reached skill level 4 in Staves
  4979 | D:7      | Reached skill level 4 in Throwing
  4979 | D:7      | Reached skill level 4 in Armour
  4979 | D:7      | Reached skill level 4 in Shields
  4979 | D:7      | Reached skill level 4 in Unarmed Combat
  4979 | D:7      | Reached skill level 4 in Spellcasting
  4979 | D:7      | Reached skill level 4 in Evocations
  5109 | D:7      | Found a staircase to the Ecumenical Temple.
  5143 | D:7      | Reached skill level 5 in Stealth
  5295 | D:7      | Found a sacrificial altar of Ru.
  5353 | D:7      | Found a snail-covered altar of Cheibriados.
  5493 | D:7      | Found Deqofull's Jewellery Emporium.
  5544 | D:7      | Reached skill level 5 in Invocations
  5623 | D:7      | Found a basalt altar of Yredelemnul.
  5782 | D:8      | Reached skill level 4 in Conjurations
  5782 | D:8      | Reached skill level 4 in Hexes
  5782 | D:8      | Reached skill level 4 in Summonings
  5782 | D:8      | Reached skill level 4 in Necromancy
  5782 | D:8      | Reached skill level 4 in Translocations
  5782 | D:8      | Reached skill level 4 in Transmutations
  5782 | D:8      | Reached skill level 4 in Fire Magic
  5782 | D:8      | Reached skill level 4 in Ice Magic
  5782 | D:8      | Reached skill level 4 in Air Magic
  5782 | D:8      | Reached skill level 4 in Earth Magic
  5782 | D:8      | Reached skill level 4 in Poison Magic
  5792 | D:8      | Found a shimmering altar of Xom.
  5908 | D:8      | Reached skill level 5 in Short Blades
  5908 | D:8      | Reached skill level 5 in Long Blades
  5908 | D:8      | Reached skill level 5 in Axes
  5908 | D:8      | Reached skill level 5 in Maces & Flails
  5908 | D:8      | Reached skill level 5 in Polearms
  5908 | D:8      | Reached skill level 5 in Staves
  5908 | D:8      | Reached skill level 5 in Throwing
  5908 | D:8      | Reached skill level 5 in Armour
  5908 | D:8      | Reached skill level 5 in Shields
  5908 | D:8      | Reached skill level 5 in Unarmed Combat
  5908 | D:8      | Reached skill level 5 in Spellcasting
  5908 | D:8      | Reached skill level 5 in Evocations
  5908 | D:8      | Reached XP level 10. HP: 77/77 MP: 17/17
  5920 | D:8      | Reached skill level 10 in Ranged Weapons
  6034 | D:8      | Reached skill level 7 in Fighting
  6034 | D:8      | Reached skill level 7 in Dodging
  6129 | D:8      | Found a staircase to the Lair.
  6449 | D:8      | Found a runed translucent door.
  6450 | D:8      | Noticed PaleRider's ghost (novice TrFi)
  6700 | D:9      | Reached skill level 6 in Stealth
  6721 | D:9      | Noticed a two-headed ogre
  6723 | D:9      | Reached skill level 6 in Invocations
  6731 | D:9      | Killed a two-headed ogre
  6735 | D:9      | Noticed a gargoyle
  6867 | D:9      | Identified the +5 chain mail of Xom's Favour {Str+2}
  6895 | D:9      | Noticed a two-headed ogre
  6899 | D:9      | Killed a two-headed ogre
  6928 | D:9      | Paralysed by a hornet for 3 turns
  6939 | D:9      | Reached skill level 6 in Short Blades
  6939 | D:9      | Reached skill level 6 in Long Blades
  6939 | D:9      | Reached skill level 6 in Axes
  6939 | D:9      | Reached skill level 6 in Maces & Flails
  6939 | D:9      | Reached skill level 6 in Polearms
  6939 | D:9      | Reached skill level 6 in Staves
  6939 | D:9      | Reached skill level 6 in Throwing
  6939 | D:9      | Reached skill level 6 in Armour
  6939 | D:9      | Reached skill level 6 in Shields
  6939 | D:9      | Reached skill level 6 in Unarmed Combat
  6939 | D:9      | Reached skill level 6 in Spellcasting
  6939 | D:9      | Reached skill level 6 in Evocations
  6946 | D:9      | Reached skill level 5 in Conjurations
  6946 | D:9      | Reached skill level 5 in Hexes
  6946 | D:9      | Reached skill level 5 in Summonings
  6946 | D:9      | Reached skill level 5 in Necromancy
  6946 | D:9      | Reached skill level 5 in Translocations
  6946 | D:9      | Reached skill level 5 in Transmutations
  6946 | D:9      | Reached skill level 5 in Fire Magic
  6946 | D:9      | Reached skill level 5 in Ice Magic
  6946 | D:9      | Reached skill level 5 in Air Magic
  6946 | D:9      | Reached skill level 5 in Earth Magic
  6946 | D:9      | Reached skill level 5 in Poison Magic
  6946 | D:9      | Reached XP level 11. HP: 21/85 MP: 20/20
  7091 | D:9      | Found an iron altar of Okawaru.
  7111 | D:9      | Noticed a two-headed ogre
  7117 | D:9      | Killed a two-headed ogre
  7178 | D:9      | Noticed a two-headed ogre
  7182 | D:9      | Noticed a two-headed ogre
  7208 | D:8      | HP: 3/86 [two-headed ogre/+0 giant club (14)]
  7208 | D:8      | Slain by a two-headed ogre

Illustrated notes

Levels and vault maps discovered:
D:1:      dpeg_arrival_signposts, layout_loops_ring,
          chequers_ecumenical_altar_simple, minmay_pentomino_z4
D:2:      layout_rooms
D:3:      layout_rooms, guppyfry_early_lair_pool, uniq_robin,
          uniq_crazy_yiuf_cottage, uniq_terence, uniq_sigmund
D:4:      layout_loops_corners, nicolae_gozag_zags_fifth_avenue,
          pf_guarded_unrand_meek
D:5:      layout_basic
D:6:      layout_loops_cross, minmay_lizard_king
D:7:      minmay_chambers_of_sixes, layout_rooms,
          nicolae_overflow_hidden_temple, temple_doors_e, serial_shops,
          nicolae_shop_statue_plus
D:8:      layout_basic, lemuel_doored_altar, erik_lair_dragon,
          gammafunk_ghost_grave
D:9:      layout_rooms, okawaru_trees_1, dilly_guarded_unrand_devastator

Skill      XL: |  1  2  3  4  5  6  7  8  9 10 |
---------------+-------------------------------+-----
Invocations    | 1 2 3 4 5 6 |  6.9
Short Blades   | 1 2 3 5 6 |  6.3
Long Blades    | 1 2 3 5 6 |  6.3
Axes           | 1 2 3 5 6 |  6.3
Maces & Flails | 1 2 3 5 6 |  6.3
Polearms       | 1 2 3 5 6 |  6.3
Staves         | 1 2 3 5 6 |  6.3
Throwing       | 1 2 3 5 6 |  6.3
Armour         | 1 2 3 5 6 |  6.3
Shields        | 1 2 3 5 6 |  6.3
Unarmed Combat | 1 2 3 5 6 |  6.3
Spellcasting   | 1 2 3 5 6 |  6.3
Evocations     | 1 2 3 5 6 |  6.3
Conjurations   | 1 2 3 4 5 |  5.2
Hexes          | 1 2 3 4 5 |  5.2
Summonings     | 1 2 3 4 5 |  5.2
Necromancy     | 1 2 3 4 5 |  5.2
Translocations | 1 2 3 4 5 |  5.2
Transmutations | 1 2 3 4 5 |  5.2
Fire Magic     | 1 2 3 4 5 |  5.2
Ice Magic      | 1 2 3 4 5 |  5.2
Air Magic      | 1 2 3 4 5 |  5.2
Earth Magic    | 1 2 3 4 5 |  5.2
Poison Magic   | 1 2 3 4 5 |  5.2
Fighting       | 5 6 7 |  7.9
Dodging        | 5 6 7 |  7.9
Stealth        | 3 4 5 6 |  6.7
Ranged Weapons | 9 10 | 10.6

Action                     |  1- 3 |  4- 6 |  7- 9 | 10-12 || total
---------------------------+-------+-------+-------+-------++-------
  Melee: Quarterstaff      |       |       |    89 |    44 ||   133
         Bite              |       |       |     9 |     5 ||    14
   Fire: Shortbow          |   116 |   137 |   313 |       ||   566
         Arbalest          |       |       |     3 |   139 ||   142
 Invoke: Potion Petition   |       |       |       |     1 ||     1
  Evoke: Wand              |       |       |     1 |       ||     1
    Use: Scroll            |       |       |     4 |     2 ||     6
         Potion            |       |       |       |     1 ||     1
   Stab: Paralysed         |       |       |     4 |       ||     4
         Distracted        |       |       |     1 |       ||     1
 Armour: Leather armour    |    16 |    13 |    85 |    18 ||   132
         Chain mail        |       |       |       |    27 ||    27
  Dodge: Dodged            |    42 |    60 |   160 |    97 ||   359

Table legend: (Time is in decaauts)
 A = Elapsed time spent in this place.
 B = Non-inter-level travel time spent in this place.
 C = Inter-level travel time spent in this place.
 D = Time resting spent in this place.
 E = Time spent auto-exploring this place.
 F = Levels seen in this place.
 G = Mean time per level.
                   A        B        C        D        E       F      G
               +--------+--------+--------+--------+--------+-----+--------+
         Total |   7347 |   6959 |    388 |    406 |   4825 |   9 |  816.3 |
       Dungeon |   7347 |   6959 |    388 |    406 |   4825 |   9 |  816.3 |
               +--------+--------+--------+--------+--------+-----+--------+

Top non-repeatable levels by time:
     D:8: 1166 daAuts
     D:7: 1003 daAuts
     D:4: 983 daAuts
     D:6: 883 daAuts
     D:3: 837 daAuts
     D:1: 829 daAuts
     D:5: 719 daAuts
     D:9: 478 daAuts
     D:2: 445 daAuts
